[Event "TePe Sigeman & Co Chess Tournament 2024"]
[Site "Elite Plaza Hotel, Gustav Adolfs Torg 49, Malmo, Sweden"]
[Date "2024.04.30"]
[Round "4.2"]
[White "Keymer, Vincent"]
[Black "Ju, Wenjun"]
[Result "0-1"]
[TimeControl "90 minutes for 40 moves + 30 minutes for the rest of the game + 30 seconds per move from move one."]
[WhiteTitle "GM"]
[BlackTitle "GM"]
[WhiteFideId "12940690"]
[BlackFideId "8603006"]
[WhiteElo "2726"]
[BlackElo "2559"]

1. c4 e6 2. Nc3 d5 3. d4 Nf6 4. cxd5 exd5 5. Bg5 c6 6. e3 Bf5 7. Nge2 Be7 8. Ng3 Be6 9. Bd3 h6 10.
Bf4 O-O 11. Nf5 Bxf5 12. Bxf5 Bd6 13. Bg3 Ne8 14. Qc2 Nd7 15. O-O-O Nb6 16. Bh7+ Kh8 17. Bd3 a5 18. Kb1 a4 19.
a3 Qe7 20. Rde1 Qf6 21. f3 Nc7 22. Qf2 Qd8 23. e4 dxe4 24. Nxe4 Be7 25. Be5 Ne6 26. Qe3 f6 27. Nc5 Bxc5 28.
dxc5 Nd5 29. Qe4 Ng5 30. Qc4 fxe5 31. Rxe5 Re8 32. Rhe1 Rxe5 33. Rxe5 b5 34. cxb6 Qxb6 35. Re2 Rb8 36.
Ka1 Qb3 37. Qxb3 axb3 38. Bc4 Nf7 39.
Re6 g5 40. g3 Kg7 41. Kb1 Rb7 42. Kc1 h5 43. Kd2 Rd7 44. Kc1 Rb7 45. Kd2 h4 46. Rxc6 Ne5 47. Rc5 Nxc4+ 48. Rxc4 h3 49.
Kd3 Rd7 50. Rd4 Kf6 51. a4 Ke5 52. Re4+ Kd6 53. Kc4 Rb7 54. a5 Rb4+ 55. Kd3 Kc5 56. Rxb4 Nxb4+ 57. Ke4 Kb5 58. f4 gxf4 59.
gxf4 Kxa5 60. f5 Nc6 61. Kd5 Nd8 62. Kc4 Ka4 63. f6 Nf7 64. Kc5 Nh6 65. Kd5 Kb5 66. Ke5 Kc4 67. Ke4 Nf7 68.
Kf5 Kd3 69. Kg6 Nd6 0-1

[ePGN "0.1;DGT LiveChess/2.2.6"]

[Event "TePe Sigeman & Co Chess Tournament 2024"]
[Site "Elite Plaza Hotel, Gustav Adolfs Torg 49, Malmo, Sweden"]
[Date "2024.04.30"]
[Round "4.3"]
[White "Korobov, Anton"]
[Black "Erigaisi, Arjun"]
[Result "1/2-1/2"]
[TimeControl "90 minutes for 40 moves + 30 minutes for the rest of the game + 30 seconds per move from move one."]
[WhiteTitle "GM"]
[BlackTitle "GM"]
[WhiteFideId "14105730"]
[BlackFideId "35009192"]
[WhiteElo "2651"]
[BlackElo "2756"]

1. c4 c6 2. Nf3 d5 3. e3 Nf6 4. Nc3 e6 5. b3 Bd6 6. Bb2 O-O 7. d4 Nbd7 8. Bd3 Re8 9. Qc2 e5 10.
cxd5 cxd5 11. dxe5 Nxe5 12. Nxe5 Bxe5 13. Ne2 d4 14. e4 Qd6 15. Qd2 Bxh2 16. f3 Nh5 17. O-O-O Ng3 18. Nxg3 Bxg3 19.
Kb1 h6 20. Bc4 Be6 21. Bxe6 Rxe6 22. Qxd4 Qxd4 23. Rxd4 Be5 24. Rd2 Bxb2 25. Kxb2 Kf8 26. Rc1 Ke8 27. Rc7 Re7 28. Rc5 Rd8 29.
Kc3 b6 30. Rc4 Red7 31. Rxd7 Rxd7 32. Rc8+ Ke7 33. a4 h5 34. b4 g5 35. Rh8 h4 36. f4 Rc7+ 37. Kb3 gxf4 38. Rxh4 Ke6 39.
Rxf4 Ke5 40. g3 Kd4 41. b5 Rc3+ 42. Kb4 Rc4+ 43. Kb3 Rc3+ 44. Kb4 Rc4+ 1/2-1/2

[ePGN "0.1;DGT LiveChess/2.2.6"]

[Event "TePe Sigeman & Co Chess Tournament 2024"]
[Site "Elite Plaza Hotel, Gustav Adolfs Torg 49, Malmo, Sweden"]
[Date "2024.04.30"]
[Round "4.4"]
[White "Maurizzi, Marc'Andria"]
[Black "Svidler, Peter"]
[Result "1/2-1/2"]
[TimeControl "90 minutes for 40 moves + 30 minutes for the rest of the game + 30 seconds per move from move one."]
[WhiteTitle "GM"]
[BlackTitle "GM"]
[WhiteFideId "36083534"]
[BlackFideId "4102142"]
[WhiteElo "2605"]
[BlackElo "2689"]

1. e4 e5 2. Nf3 Nc6 3. Bb5 a6 4. Ba4 Nf6 5. O-O Be7 6. Re1 b5 7. Bb3 O-O 8. a4 b4 9. d4 d6 10.
dxe5 dxe5 11. Bg5 Qxd1 12. Rxd1 Nxe4 13. Bxe7 Nxe7 14. Nxe5 Nc5 15. Nd2 Bf5 16. Bc4 Bxc2 17. Rdc1 b3 18.
Ra3 Rab8 19. h3 h6 20. Ndf3 Rb4 21. Bxb3 Bxb3 22. Rxc5 Bxa4 23. Nd3 Re4 24. Rxc7 Nd5 25. Rc5 Rd8 26.
Nd2 Rd4 27. Nf3 Re4 28. Nd2 Rd4 29. Nf3 1/2-1/2